[Event "*** Titled Tuesday Blitz"]
[Site "Chess.com"]
[Date "2020.04.14"]
[Round "9"]
[White "stoleriu"]
[Black "Promacherr"]
[Result "0-1"]
[WhiteElo "2475"]
[BlackElo "2612"]
[TimeControl "180+1"]
[EndTime "11:41:56 PDT"]
[Termination "Promacherr won by resignation"]

1. e4 e5 2. Nf3 Nc6 3. Bb5 a6 4. Ba4 Nf6 5. d3 d6 6. c3 g6 7. O-O Bg7 8. Re1 O-O 9. Bg5 h6 10. Bxf6 Bxf6 11. Nbd2 Ne7 12. Nf1 Bg7 13. d4 Kh7 14.
Ne3 b5 15. Bb3 Bb7 16. dxe5 dxe5 17. Nd5 Nxd5 18. Bxd5 Bxd5 19. exd5 Re8 20. a4 f5 21. axb5 axb5 22. Qb3 Rxa1 23. Rxa1 e4 24. Nd2 Re5 25.
Nf1 Qxd5 26. Qb4 f4 27. Re1 Qd3 28. Qa5 e3 29. fxe3 fxe3 30. Qxc7 e2 31. Ng3 Qe3+ 32. Kh1 Qf2 33. Qxe5 Qxe1+ 0-1

[Event "*** Titled Tuesday Blitz"]
[Site "Chess.com"]
[Date "2020.04.14"]
[Round "9"]
[White "Anna_ChessMate"]
[Black "gmkomarov"]
[Result "1/2-1/2"]
[WhiteElo "2590"]
[BlackElo "2418"]
[TimeControl "180+1"]
[EndTime "11:41:58 PDT"]
[Termination "Game drawn by repetition"]

1. d4 Nf6 2. c4 e6 3. Nf3 b6 4.
Nc3 Bb7 5. g3 Bb4 6. Bg2 Bxc3+ 7. bxc3 d6 8. O-O Nbd7 9. Re1 O-O 10. Bg5 h6 11. Bf4 Ne4 12. Qc2 f5 13. Rad1 g5 14. Bc1 Ndf6 15. Nd2 Qc8 16. Nf1 Nd7 17. d5 exd5 18.
cxd5 Ndc5 19. f3 Nf6 20. e4 fxe4 21. fxe4 Ncd7 22. Ne3 Ne5 23. Nf5 Kh7 24. h4 gxh4 25. Qd2 Nfg4 26. gxh4 Rf6 27. Qf4 Qd7 28. Rf1 Rg8 29.
Kh1 Ba6 30. Rg1 Nd3 31. Rxd3 Bxd3 32. Rd1 Rxf5 33. exf5 Bxf5 34. Rf1 Rf8 35. Bh3 Qe7 36. Kg1 Qxh4 37. Bxg4 Bxg4 38. Qxf8 Qg3+ 39. Kh1 Qh3+ 40. Kg1 Qg3+ 41. Kh1 Qh3+ 42. Kg1 Qg3+ 1/2-1/2

[Event "*** Titled Tuesday Blitz"]
[Site "Chess.com"]
[Date "2020.04.14"]
[Round "9"]
[White "viktorko131"]
[Black "Charlottemillard17"]
[Result "1-0"]
[WhiteElo "2118"]
[BlackElo "1375"]
[TimeControl "180+1"]
[EndTime "11:42:01 PDT"]
[Termination "viktorko131 won by checkmate"]

1. e4 e5 2. Nf3 Nc6 3. Bb5 a6 4. Ba4 Bc5 5. O-O b5 6. Bb3 Nf6 7. c3 O-O 8. d4 exd4 9. cxd4 Bb6 10. e5 Ne8 11. Bg5 Ne7 12. Nc3 Kh8 13. Nd5 f6 14. exf6 gxf6 15. Nxb6 cxb6 16. Bh6 Ng7 17. Nh4 Nef5 18. Nxf5 Nxf5 19. Bxf8 Qxf8 20. Qf3 Rb8 21.
Qxf5 d6 22. Qf4 Qg7 23. Rfe1 Bb7 24. f3 h5 25. Qxd6 Rf8 26. Re7 Qg5 27. Rxb7 h4 28.
Qxf8+ Qg8 29. Qxg8# 1-0

[Event "*** Titled Tuesday Blitz"]
[Site "Chess.com"]
[Date "2020.04.14"]
[Round "9"]
[White "theblitzchamp"]
[Black "2nd_life"]
[Result "1-0"]
[WhiteElo "2658"]
[BlackElo "2416"]
[TimeControl "180+1"]
[EndTime "11:42:03 PDT"]
[Termination "theblitzchamp won by checkmate"]

1. e4 d5 2. exd5 Qxd5 3. Nf3 Bg4 4. Be2 Nc6 5. h3 Bxf3 6. Bxf3 Qe5+ 7. Qe2 Qxe2+ 8. Bxe2 e5 9. d3 Bc5 10. Nc3 Nf6 11. Bg5 Bb4 12. Bd2 Nd4 13. Bd1 O-O-O 14. a3 Bxc3 15. bxc3 Ne6 16. O-O e4 17. d4 c5 18. Re1 cxd4 19. cxd4 Nxd4 20. Be3 Rhe8 21. c3 Nc6 22. Ba4 Nd5 23. Bxc6 bxc6 24. Bxa7 Nxc3 25.
Rac1 Rd3 26. Bc5 Kd7 27. Rc2 Nd5 28. Rb2 f5 29. Rb7+ Ke6 30. Rxg7 Rc3 31. Bd4 Rxa3 32.
Rxh7 Nf4 33. Be3 Nd3 34. Rb1 f4 35. Bd4 Kd5 36. Bb6 Rb8 37. Rh5+ Kc4 38. Rh6 Ra6 39. Rxc6+ Kd5 40. Rh6 Ne5 41. Rb5+ Kc4 42. Rc5+ Kd4 43. Rd6# 1-0

[Event "*** Titled Tuesday Blitz"]
[Site "Chess.com"]
[Date "2020.04.14"]
[Round "9"]
[White "gliglu"]
[Black "RiskyDecision"]
[Result "1-0"]
[WhiteElo "2393"]
[BlackElo "2560"]
[TimeControl "180+1"]
[EndTime "11:42:03 PDT"]
[Termination "gliglu won on time"]

1. g3 f5 2. Bg2 Nf6 3. d3 e5 4. Nf3 Nc6 5. O-O g6 6. Nc3 Bg7 7. e4 d6 8. Nd5 Nxd5 9. exd5 Ne7 10. c4 O-O 11. Ng5 h6 12. Ne6 Bxe6 13. dxe6 c6 14.
Qb3 Qc8 15. d4 Qxe6 16. dxe5 dxe5 17. Qxb7 e4 18. Bf4 Be5 19. Bxe5 Qxe5 20. Rad1 Rab8 21. Qxa7 Rxb2 22. Rd7 Rf7 23. Rfd1 Kg7 24. a4 c5 25. Qc7 Qe6 26. Qxc5 Rc2 27. Qd4+ Kh7 28. c5 Rc4 29. Qd6 Qf6 30. Qxf6 Rxf6 31. Rxe7+ Kg8 32. Rd8+ Rf8 33. Ree8 Rxe8 34. Rxe8+ Kf7 35. Rc8 Rxa4 36. Bf1 g5 37. c6 Ke7 38. Rh8 1-0

[Event "*** Titled Tuesday Blitz"]
[Site "Chess.com"]
[Date "2020.04.14"]
[Round "9"]
[White "druskacik"]
[Black "albano87"]
[Result "0-1"]
[WhiteElo "2586"]
[BlackElo "2234"]
[TimeControl "180+1"]
[EndTime "11:42:08 PDT"]
[Termination "albano87 won by resignation"]

1. e4 c5 2. Nf3 Nc6 3. d4 cxd4 4. Nxd4 Nf6 5. Nc3 d6 6. f3 Nxd4 7. Qxd4 g6 8. Bg5 Bg7 9. Nd5 O-O 10. Bxf6 exf6 11.
O-O-O f5 12. Qb4 fxe4 13. fxe4 Be6 14. Kb1 a5 15. Qb5 a4 16. a3 Ra5 17. Qb4 Bxd5 18. exd5 Qf6 19. c3 Rc5 20. Qxa4 Rfc8 21. Rc1 Qf5+ 22.
Rc2 Bxc3 23. bxc3 Rxc3 24. Bd3 Qxd3 25. Rc1 Rb3+ 26. Ka1 Rxa3+ 27. Kb2 Rxa4 28. Rxc8+ Kg7 0-1

[Event "*** Titled Tuesday Blitz"]
[Site "Chess.com"]
[Date "2020.04.14"]
[Round "9"]
[White "yudinetz"]
[Black "eljanov"]
[Result "0-1"]
[WhiteElo "2440"]
[BlackElo "2776"]
[TimeControl "180+1"]
[EndTime "11:42:08 PDT"]
[Termination "eljanov won by resignation"]

1. e4 c6 2. d4 d5 3. exd5 cxd5 4. c4 Nf6 5. Nc3 Nc6 6. Bg5 dxc4 7. Bxc4 h6 8. Bxf6 exf6 9. Nf3 Bd6 10. O-O O-O 11. h3 Bf5 12. Re1 a6 13. Ne4 Bxe4 14. Rxe4 f5 15.
Re2 Qf6 16. Bd5 Ne7 17. Qb3 Rab8 18. Ne5 Nxd5 19. Qxd5 Rfd8 20. Qa5 Bf8 21. Rd1 Rd6 22. Qc7 Rbd8 23. Qxb7 Rxd4 24. Rde1 Rd2 25. Rxd2 Rxd2 26. Nd7 Qd4 27. Rf1 Qxd7 28. Qxa6 f4 29. b3 f3 30.
gxf3 Qxh3 31. Qc6 Rd6 0-1

[Event "*** Titled Tuesday Blitz"]
[Site "Chess.com"]
[Date "2020.04.14"]
[Round "9"]
[White "Oleksandr_Bortnyk"]
[Black "tigra"]
[Result "1-0"]
[WhiteElo "3040"]
[BlackElo "2841"]
[TimeControl "180+1"]
[EndTime "11:42:09 PDT"]
[Termination "Oleksandr_Bortnyk won by resignation"]

1. e4 c5 2. c3 Nf6 3. e5 Nd5 4. d4 cxd4 5. Nf3 d6 6. cxd4 dxe5 7. Nxe5 Nc6 8. Bc4 e6 9. O-O Be7 10. Nf3 O-O 11. Nc3 a6 12. Qe2 b5 13. Bd3 Nxc3 14. bxc3 Bb7 15. Qe4 g6 16. Bh6 Re8 17. Rfe1 Qc7 18.
Qg4 Bf6 19. Ng5 Ne7 20. Rxe6 Bxg5 21. Bxg5 Bc8 22. Rxe7 Rxe7 23. Qh4 Qxc3 24. Rf1 Re1 25. Bf6 Qc1 26. Be5 Rxf1+ 27. Bxf1 Qc6 28. Qd8+ 1-0

[Event "*** Titled Tuesday Blitz"]
[Site "Chess.com"]
[Date "2020.04.14"]
[Round "9"]
[White "MathiasWomacka"]
[Black "GukeshDommaraju"]
[Result "1-0"]
[WhiteElo "2480"]
[BlackElo "2687"]
[TimeControl "180+1"]
[EndTime "11:42:09 PDT"]
[Termination "MathiasWomacka won by resignation"]

1. e4 c5 2. Nf3 Nc6 3. d4 cxd4 4. Nxd4 e6 5. Nc3 a6 6. Be3 Nf6 7. Be2 Qc7 8. O-O Bb4 9. Na4 O-O 10. c4 Rb8 11. c5 d6 12. Nxc6 Qxc6 13. Rc1 Bd7 14. Nb6 dxc5 15. Nxd7 Nxd7 16. a3 Ba5 17. e5 Bb6 18. f4 c4 19. Bd4 Rfd8 20. Rxc4 Nxe5 21.
Rxc6 Nxc6 22. Bxb6 Rxd1 23. Rxd1 Kf8 24. Bf3 Rc8 25.
Rd7 Rb8 26. b4 Ke8 27. Rxb7 1-0

[Event "*** Titled Tuesday Blitz"]
[Site "Chess.com"]
[Date "2020.04.14"]
[Round "9"]
[White "velemajstor767276"]
[Black "fugadelafuga"]
[Result "1-0"]
[WhiteElo "2563"]
[BlackElo "2377"]
[TimeControl "180+1"]
[EndTime "11:42:09 PDT"]
[Termination "velemajstor767276 won by checkmate"]

1. d4 Nf6 2. c4 c5 3. d5 b5 4. cxb5 a6 5. b6 g6 6. Nc3 Bg7 7.
a4 a5 8. e4 d6 9. Bb5+ Nbd7 10. Nf3 O-O 11. Nd2 Nxb6 12. Qe2 e6 13. dxe6 Bxe6 14.
O-O Qc7 15. Nc4 Nfd7 16. Bf4 Nxc4 17. Bxc4 Nb6 18. Bxe6 fxe6 19. Nb5 Qc6 20. Bxd6 Rfd8 21. Rfd1 Bd4 22. e5 Rd7 23. Rac1 Qb7 24. Nxd4 cxd4 25. Rxd4 Nd5 26. Rdc4 Kg7 27. h4 Ra6 28. Qf3 Rf7 29. Rc7 Rxc7 30. Rxc7+ Qxc7 31. Qf8# 1-0

[Event "*** Titled Tuesday Blitz"]
[Site "Chess.com"]
[Date "2020.04.14"]
[Round "9"]
[White "asimali1977"]
[Black "KetiTsatsalashvili"]
[Result "0-1"]
[WhiteElo "1984"]
[BlackElo "2226"]
[TimeControl "180+1"]
[EndTime "11:42:09 PDT"]
[Termination "KetiTsatsalashvili won by checkmate"]

1. Nf3 Nf6 2. g3 e6 3. Bg2 d5 4.
O-O Be7 5. d3 O-O 6. Nbd2 Nbd7 7. e4 e5 8. Re1 dxe4 9. dxe4 c6 10. c3 Qc7 11. b4 Rd8 12. Qc2 Nf8 13. Bb2 Be6 14. a3 h6 15. Rad1 Rd7 16. Nc4 Bxc4 17. Rxd7 N8xd7 18. Rd1 Be6 19. c4 Rd8 20. c5 Bg4 21. h3 Bh5 22. Rd2 Bg6 23. Nh4 Bh7 24.
Nf5 Bxf5 25. exf5 Nf8 26. g4 Rxd2 27. Qxd2 Qd7 28. Qxd7 N8xd7 29. Kf1 Nd5 30. Bxd5 cxd5 31. Ke2 a6 32. Kd3 g6 33. fxg6 fxg6 34. Ke3 Kf7 35. f4 Ke6 36. fxe5 Nxe5 37. Ke2 Nc4 38. Bc1 Bg5 39.
Bxg5 hxg5 40. a4 d4 41. Kd3 Kd5 42. Kc2 Ke4 43. Kb3 Ne5 44. b5 axb5 45. axb5 d3 46. Kc3 Ke3 47. c6 bxc6 48. b6 d2 49. b7 Nd7 50.
Kc4 d1=Q 51. Kc3 Qc1+ 52. Kb4 Qb2+ 53. Ka5 Qb5# 0-1

[Event "*** Titled Tuesday Blitz"]
[Site "Chess.com"]
[Date "2020.04.14"]
[Round "9"]
[White "Bastiandash"]
[Black "WoolworthsManly"]
[Result "1/2-1/2"]
[WhiteElo "2061"]
[BlackElo "2665"]
[TimeControl "180+1"]
[EndTime "11:42:09 PDT"]
[Termination "Game drawn - insufficient material"]

1. d4 d5 2. Nf3 Nf6 3. c3 c5 4. Bg5 Ne4 5. Bf4 Qb6 6. Qb3 Nc6 7. Nbd2 Nxd2 8. Bxd2 c4 9. Qxb6 axb6 10. a3 b5 11. Rd1 h6 12. h4 Bf5 13. g3 e6 14. Bh3 Bd6 15. Bxf5 exf5 16. Bf4 Kd7 17. e3 Rhe8 18. Kd2 Nd8 19. h5 Ne6 20. Rdg1 Ke7 21.
Bxd6+ Kxd6 22. g4 f4 23. g5 fxe3+ 24. fxe3 Ke7 25. gxh6 gxh6 26. Ne5 Rg8 27. Kc1 Rg5 28. Rxg5 Nxg5 29. Rf1 Ke6 30. Ng4 Ne4 31. Nxh6 Rh8 32.
Nxf7 Rxh5 33. Nd8+ Ke7 34. Nxb7 Rh2 35. Nc5 Nf2 36.
a4 bxa4 37. Nxa4 Nd3+ 38. Kb1 Re2 39. Rh1 Rxe3 40. Nb6 Re2 41. Nxd5+ Kd6 42. Nb4 Rxb2+ 43. Ka1 Rb3 44. Rh6+ Kd7 45. Ka2 Rxc3 46. Nxd3 cxd3 47. Kb2 d2 48. Rh1 Rd3 49. Rd1 Rxd4 50. Kc3 Kd6 51. Rxd2 Rxd2 52. Kxd2 1/2-1/2

[Event "*** Titled Tuesday Blitz"]
[Site "Chess.com"]
[Date "2020.04.14"]
[Round "9"]
[White "marianokar"]
[Black "DonPreuss"]
[Result "1-0"]
[WhiteElo "2365"]
[BlackElo "2186"]
[TimeControl "180+1"]
[EndTime "11:42:10 PDT"]
[Termination "marianokar won by resignation"]

1. e4 Nc6 2. Nf3 e5 3. Bb5 Bc5 4. c3 d6 5. d4 exd4 6. cxd4 Bb4+ 7. Nc3 Bxc3+ 8. bxc3 Bd7 9. O-O Nge7 10. Bd3 O-O 11.
Re1 f5 12. e5 dxe5 13. Nxe5 Nxe5 14. Rxe5 Ng6 15. Re1 Bc6 16. f3 Qd6 17. a4 Qf6 18.
Ba3 Rfe8 19. Qb3+ Kh8 20. d5 Nf4 21. dxc6 Qg5 22. Qc2 bxc6 23. Bf1 Nh3+ 24. Kh1 Nf4 25. Rxe8+ Rxe8 26. Bc1 Nh3 27. Bxg5 Re1 28. Rxe1 1-0

[Event "*** Titled Tuesday Blitz"]
[Site "Chess.com"]
[Date "2020.04.14"]
[Round "9"]
[White "juniortay"]
[Black "LordIron"]
[Result "0-1"]
[WhiteElo "2458"]
[BlackElo "2259"]
[TimeControl "180+1"]
[EndTime "11:42:11 PDT"]
[Termination "LordIron won by resignation"]

1. e4 c5 2. Nf3 d6 3. d4 Nf6 4. Nc3 cxd4 5. Nxd4 a6 6. f4 Qc7 7. Nf3 Nbd7 8. Bd3 g6 9. a4 Bg7 10. O-O O-O 11. Qe1 b6 12. Qh4 Bb7 13. f5 gxf5 14. Bh6 Bxh6 15. Qxh6 fxe4 16. Ng5 exd3 17. Rf4 Qc5+ 18.
Kh1 d2 19. Rg4 Qf5 20. Rg3 Kh8 21. a5 Ne5 22. axb6 Rg8 23. h4 Rg6 24. Nxf7+ Nxf7 25. Qxd2 Rxg3 26. Kh2 Rxg2+ 27. Qxg2 Bxg2 28. Kxg2 Rg8+ 0-1

[Event "*** Titled Tuesday Blitz"]
[Site "Chess.com"]
[Date "2020.04.14"]
[Round "9"]
[White "Hikaru"]
[Black "OK97"]
[Result "1-0"]
[WhiteElo "3229"]
[BlackElo "2737"]
[TimeControl "180+1"]
[EndTime "11:42:12 PDT"]
[Termination "Hikaru won by resignation"]

1. b3 e5 2. Bb2 Nc6 3. e3 d5 4. Bb5 Bd6 5. f4 f6 6. fxe5 fxe5 7. Bxc6+ bxc6 8. Bxe5 Qh4+ 9. g3 Qe4 10. Bxd6 Qxh1 11.
Qh5+ Kd7 12. Bf4 Qxg1+ 13. Ke2 Qg2+ 14. Ke1 Qe4 15. Nc3 Qg6 16. Qe5 Ne7 17. Na4 Qf6 18. Qxc7+ Ke8 19. Be5 Qf5 20. d3 Rf8 21. Kd2 Qd7 22.
Qa5 Rf2+ 23. Kc3 d4+ 24. Bxd4 Nd5+ 25. Kb2 Qe7 26. e4 Rxh2 27. exd5 cxd5 28. Re1 Re2 29.
Rxe2 Qxe2 30. Qxd5 Rb8 31. Qg8+ Kd7 32. Qxg7+ Qe7 33.
Qxe7+ Kxe7 34. Bxa7 Rb7 35. Be3 Bf5 36. Nc5 Rb8 37.
a4 Rg8 38. Bf4 h5 39. a5 Bc8 40. a6 Bxa6 41. Nxa6 Rg4 42. Bb8 Kd7 43. Be5 Kc6 44. d4 Kd5 45. Nc5 Rg8 46. c4+ Kc6 47. b4 1-0

[Event "*** Titled Tuesday Blitz"]
[Site "Chess.com"]
[Date "2020.04.14"]
[Round "9"]
[White "kekic76"]
[Black "Vamostodorecto"]
[Result "0-1"]
[WhiteElo "2284"]
[BlackElo "2479"]
[TimeControl "180+1"]
[EndTime "11:42:13 PDT"]
[Termination "Vamostodorecto won by resignation"]

1. e4 e5 2. Nf3 Nc6 3. Bb5 a6 4. Ba4 Nf6 5. O-O Be7 6. Re1 b5 7. Bb3 d6 8. c3 O-O 9. h3 Na5 10.
Bc2 c5 11. d4 Nd7 12. Nbd2 exd4 13. cxd4 Nc6 14. Nf1 cxd4 15. Nxd4 Nxd4 16. Qxd4 Ne5 17.
Ne3 Bxh3 18. Nf5 Bxf5 19. exf5 Bf6 20. Qd5 Rc8 21. Bb3 Rc5 22. Qb7 Nd3 23. Rd1 Nxb2 24.
Bxb2 Bxb2 25. Rab1 Be5 26. g3 Qg5 27. Kg2 h5 28.
Rh1 Qxf5 29. Rbe1 Rc3 30. Qe4 Qxe4+ 31. Rxe4 g6 32. f4 Bf6 33. f5 Kg7 34. fxg6 fxg6 35.
Re6 Be5 36. Rh3 a5 37. g4 Rxh3 38. Kxh3 Rf3+ 39. Kg2 Rg3+ 40. Kf2 Rxg4 41. Kf3 a4 42. Bc2 Rg3+ 43. Ke4 h4 44. Re7+ Kh6 45. Bd3 h3 0-1

[Event "*** Titled Tuesday Blitz"]
[Site "Chess.com"]
[Date "2020.04.14"]
[Round "9"]
[White "plumalka"]
[Black "EvgenyRomanov"]
[Result "0-1"]
[WhiteElo "2387"]
[BlackElo "2600"]
[TimeControl "180+1"]
[EndTime "11:42:14 PDT"]
[Termination "EvgenyRomanov won by resignation"]

1. e4 e6 2. d4 d5 3. Nc3 Bb4 4. Qd3 dxe4 5. Qxe4 Nf6 6. Qh4 Nc6 7. Nf3 Bxc3+ 8.
bxc3 Qd5 9. Bd3 b6 10. O-O Bb7 11. Bg5 O-O-O 12. Bxf6 gxf6 13. c4 Qa5 14. Qxf6 Rhg8 15.
Be4 Rg4 16. Rfe1 Nxd4 17. Bxb7+ Kxb7 18. Nxd4 Rdxd4 19. Qxf7 Rxc4 20. Rxe6 Qc3 21. Rae1 Rce4 22. Rf1 Qh3 23. g3 Rxe6 24. Qxe6 Rxg3+ 25. hxg3 Qxe6 26. f4 Qxa2 27. f5 Qf7 28. Rf4 a5 29. Kf2 b5 30.
Ke3 a4 31. Kd3 a3 32. Kc3 c5 33. g4 b4+ 34. Kd2 a2 0-1

[Event "*** Titled Tuesday Blitz"]
[Site "Chess.com"]
[Date "2020.04.14"]
[Round "9"]
[White "CalinGheorghiu"]
[Black "Schandenfreude"]
[Result "0-1"]
[WhiteElo "2339"]
[BlackElo "2487"]
[TimeControl "180+1"]
[EndTime "11:42:14 PDT"]
[Termination "Schandenfreude won by resignation"]

1. e4 e5 2. Nf3 Nf6 3. d4 Nxe4 4. Bd3 d5 5. Nxe5 Nd7 6. Nxd7 Bxd7 7. O-O Bd6 8. c4 c6 9. Nc3 Nxc3 10. bxc3 O-O 11. cxd5 cxd5 12. Qh5 g6 13. Qxd5 Bc6 14. Qg5 Rc8 15.
Qxd8 Rfxd8 16. Bg5 Rd7 17. c4 Ba4 18. Rfe1 Bb4 19.
Re4 Bc3 20. Rb1 Bxd4 21. Be3 Bxe3 22. Rxe3 Rcd8 23. Bf1 Bc6 24. f3 Rd2 25. a3 Ra2 26. Rbe1 Rdd2 27. h4 h5 28. Rc3 Rd4 29. g3 Rdd2 30.
c5 Kg7 31. Re7 Rd1 32. Rd3 Rc1 0-1

[Event "*** Titled Tuesday Blitz"]
[Site "Chess.com"]
[Date "2020.04.14"]
[Round "9"]
[White "JLRHei"]
[Black "pirulillo"]
[Result "1-0"]
[WhiteElo "2364"]
[BlackElo "2186"]
[TimeControl "180+1"]
[EndTime "11:42:14 PDT"]
[Termination "JLRHei won on time"]

1. d4 d5 2. c4 e6 3. Nf3 c5 4. g3 dxc4 5. Bg2 Nc6 6. O-O cxd4 7. Qa4 Nf6 8. Nxd4 Qxd4 9. Bxc6+ Bd7 10. Rd1 Qxd1+ 11. Qxd1 Bxc6 12. Nc3 a6 13. a4 h5 14.
Bg5 Bc5 15. h3 Nh7 16. Be3 Be7 17. Qd4 Ng5 18. Bxg5 Bxg5 19. Qxg7 O-O-O 20. Qxg5 h4 21. Rd1 Rdg8 22. Qe5 hxg3 23. fxg3 Rxh3 24. Ne4 Bxe4 25.
Qxe4 Rhxg3+ 26. Kf2 R8g4 27. Qe5 Rg2+ 28. Ke1 Rg1+ 29.
Kd2 Rxd1+ 30. Kxd1 1-0

[Event "*** Titled Tuesday Blitz"]
[Site "Chess.com"]
[Date "2020.04.14"]
[Round "9"]
[White "Micki-taryan"]
[Black "BaMBoMaTTo"]
[Result "0-1"]
[WhiteElo "3078"]
[BlackElo "2733"]
[TimeControl "180+1"]
[EndTime "11:42:15 PDT"]
[Termination "BaMBoMaTTo won by resignation"]

1. d4 Nf6 2. Nf3 e6 3. c4 d5 4. Nc3 Bb4 5. Bg5 h6 6. Bxf6 Qxf6 7. Qa4+ Nc6 8. e3 O-O 9. Be2 dxc4 10. Qb5 Bd6 11. Qxc4 e5 12. d5 Ne7 13. O-O a6 14.
Ne4 Qg6 15. Nh4 Qh7 16. Nxd6 cxd6 17. Rfd1 Ng6 18. Nf3 Bd7 19. Qb4 Rfd8 20. Qxb7 e4 21. Nd4 Ne5 22. Qb4 Qg6 23. Rac1 Bh3 24. g3 Rdb8 25.
Qd2 Qf6 26. b3 h5 27. Bxh5 g6 28. Be2 Kg7 29. Rc7 Rh8 30. Ne6+ Bxe6 31. dxe6 Rxh2 32.
f4 Rah8 33. Bh5 R8xh5 34. Qxh2 Nf3+ 35. Kf1 Nxh2+ 36. Kg2 Qxe6 0-1

[Event "*** Titled Tuesday Blitz"]
[Site "Chess.com"]
[Date "2020.04.14"]
[Round "9"]
[White "Guenplen"]
[Black "VishnuPrasanna"]
[Result "1-0"]
[WhiteElo "2941"]
[BlackElo "2703"]
[TimeControl "180+1"]
[EndTime "11:42:15 PDT"]
[Termination "Guenplen won by resignation"]

1. Nf3 Nf6 2. d4 g6 3. Bf4 Bg7 4. e3 O-O 5. Be2 d6 6. c3 b6 7. h3 c5 8. O-O Bb7 9. a4 Nc6 10. Bh2 Rc8 11. Nbd2 cxd4 12. exd4 Qd7 13. Re1 Rfe8 14.
Bc4 Nd8 15. Bb5 Bc6 16. Ba6 Bb7 17. Qe2 Bxa6 18. Qxa6 Ne6 19. Qb5 Qc7 20. a5 bxa5 21. Qxa5 Qb7 22. Ra2 Rc7 23. Rea1 Rb8 24. c4 Bh6 25. c5 Qc6 26. Nc4 Bf4 27. b4 Bxh2+ 28. Kxh2 Qe4 29. Re1 Qf4+ 30. Kg1 Nd5 31. Ne3 Nxb4 32.
d5 Rxc5 33. Qxa7 Rcb5 34. dxe6 Nxa2 35. Qxa2 fxe6 36. Qxe6+ Qf7 37. Qe4 Rb4 38. Qd3 Rb3 39.
Qd1 R8b5 40. Ng4 Rb2 41. Nh6+ 1-0

[Event "*** Titled Tuesday Blitz"]
[Site "Chess.com"]
[Date "2020.04.14"]
[Round "9"]
[White "Jumbo"]
[Black "Gaguna"]
[Result "1-0"]
[WhiteElo "2857"]
[BlackElo "2690"]
[TimeControl "180+1"]
[EndTime "11:42:16 PDT"]
[Termination "Jumbo won by resignation"]

1. d4 d5 2. Bf4 Nf6 3. e3 c5 4.
c3 Qb6 5. Qb3 Nc6 6. Nd2 c4 7.
Qc2 Nh5 8. Bg5 h6 9. Bh4 g5 10. Be2 Ng7 11. Bg3 Nf5 12. e4 Nxg3 13. hxg3 e6 14.
Bh5 Bg7 15. e5 Bd7 16. Ngf3 Ne7 17. Nf1 Rf8 18. Ne3 O-O-O 19. Ng4 Nf5 20. Nf6 Qa5 21. Bg4 Ba4 22. Qb1 Nd6 23. Nh5 Ne4 24. Nxg7 Nxc3 25. bxc3 Qxc3+ 26. Kf1 Bc2 27. Qc1 Bd3+ 28. Kg1 Qb4 29. a3 Qe7 30. Nh5 Bg6 31. Nf6 Rh8 32. Bh5 Bf5 33. Qc3 Bd3 34. Qb4 Qc7 35. a4 c3 36. Rc1 c2 37. Ne1 Bf5 38. g4 a5 39.
Qd2 1-0

[Event "*** Titled Tuesday Blitz"]
[Site "Chess.com"]
[Date "2020.04.14"]
[Round "9"]
[White "Suleyman_Chess06"]
[Black "Olga_Girya"]
[Result "0-1"]
[WhiteElo "2242"]
[BlackElo "2477"]
[TimeControl "180+1"]
[EndTime "11:42:16 PDT"]
[Termination "Olga_Girya won by resignation"]

1. Nf3 d5 2. d4 Nf6 3. Bf4 c5 4. e3 Nc6 5. c3 cxd4 6. exd4 Bg4 7.
Bd3 e6 8. Nbd2 Bd6 9. Bg3 O-O 10. O-O Rb8 11. Qc2 h6 12. Ne5 Bxe5 13. dxe5 Nd7 14.
Rfe1 Nc5 15. Bf1 Bf5 16. Qd1 Bd3 17. Nb3 Nxb3 18. axb3 Bxf1 19. Kxf1 a5 20. Qd3 Qb6 21.
Qc2 Rbc8 22. Kg1 Nd4 23. Qd1 Nxb3 24. Ra3 Nc5 25. b3 Ne4 26. c4 Nxg3 27. hxg3 dxc4 28. bxc4 Rxc4 29. Qb1 Rb4 30. Qa1 Rb2 31. Rf1 Ra8 32. Ra2 Rxa2 33. Qxa2 Qc5 34. Rb1 b5 35. Qb3 Qxe5 36. Qxb5 Qxb5 37. Rxb5 a4 38. Rb1 a3 39. Ra1 a2 40. Kf1 f5 41. Ke2 Kf7 42. Kd2 Kf6 43. Kc2 Ke5 44. Kb2 Kf6 45. f4 g5 46. Kb3 Ra6 47. Kb2 gxf4 48. gxf4 Kg6 49. g3 Kh5 50.
Rh1+ Kg4 51. Ka1 Kxg3 52. Rxh6 Kxf4 53. Rh1 e5 54. Rf1+ Kg5 55. Rg1+ Kf6 56. Rh1 Ra5 57.
Rh6+ Kg5 58. Rh1 f4 59. Rg1+ Kf5 60. Rh1 f3 0-1

[Event "*** Titled Tuesday Blitz"]
[Site "Chess.com"]
[Date "2020.04.14"]
[Round "9"]
[White "serhanberat_ozdemir"]
[Black "ridnani2021"]
[Result "1-0"]
[WhiteElo "2447"]
[BlackElo "1891"]
[TimeControl "180+1"]
[EndTime "11:42:17 PDT"]
[Termination "serhanberat_ozdemir won by resignation"]

1. Na3 e5 2. Nb1 Nf6 3. g3 d5 4. Bg2 c6 5. c4 dxc4 6. Nc3 Bd6 7. Qa4 Be6 8. Nf3 O-O 9. Ng5 Bd5 10. e4 Be6 11.
Nxe6 fxe6 12. Qxc4 Qe7 13. O-O Nbd7 14. d3 Nb6 15.
Qb3 Rac8 16. Be3 c5 17. Rad1 c4 18. dxc4 Nxc4 19. Bc1 Rfd8 20. h3 a6 21. a4 Qc7 22.
Kh2 Qb6 23. Qxb6 Nxb6 24. f4 exf4 25. gxf4 e5 26. Rxd6 Rxd6 27. fxe5 Re6 28. exf6 Rxf6 29. Rxf6 gxf6 30. Bf4 Nc4 31. b3 Ne5 32. Nd5 Kf7 33.
Bxe5 fxe5 34. Kg3 Rc2 35. Bf1 Rc1 36. Bc4 Kg6 37. Kh4 Re1 38. Ne7+ Kf6 39. Ng8+ Kg6 40. Bd5 b5 41. axb5 axb5 42. Ne7+ Kf6 43. Nc6 Ra1 44.
Kg4 Rg1+ 45. Kh4 Ra1 46. Kh5 Ra2 47. h4 Rh2 48. Na7 b4 49. Nc6 Rb2 50. Nxb4 Ke7 51.
Nd3 Rh2 52. Nxe5 Kd6 53. Ng4 Re2 54. Nf6 Ke5 55. Nxh7 1-0

[Event "*** Titled Tuesday Blitz"]
[Site "Chess.com"]
[Date "2020.04.14"]
[Round "9"]
[White "dey2580"]
[Black "Generalas"]
[Result "0-1"]
[WhiteElo "2437"]
[BlackElo "2342"]
[TimeControl "180+1"]
[EndTime "11:42:17 PDT"]
[Termination "Generalas won by resignation"]

1. d4 Nf6 2. Nf3 e6 3. e3 c5 4. Bd3 b6 5. O-O Bb7 6. c4 Be7 7. Nc3 O-O 8. d5 d6 9. h3 e5 10.
e4 Ne8 11. Ne1 Bg5 12. f4 Bxf4 13. Bxf4 exf4 14. Rxf4 Nd7 15. Rf1 Ne5 16. Nf3 Ng6 17.
Qd2 Nf6 18. Ne2 Nd7 19. Nf4 Nge5 20. Nxe5 Nxe5 21. Rae1 Qg5 22. b3 Rae8 23. Bb1 Bc8 24. Qf2 h6 25. Re3 Kh8 26. Rg3 Qf6 27. Qd2 Qh4 28.
Qf2 Qf6 29. Qd2 Qh4 30. Qc3 a6 31. a4 Bd7 32. Bc2 b5 33. axb5 axb5 34. Re3 Ra8 35. Ne2 Ra3 36. Qb2 Rfa8 37. Rg3 bxc4 38. Rxf7 Ra2 39. Qc3 Rxc2 40. Qxc2 Nxf7 41. Qxc4 Ne5 42. Qc3 Ra2 43. Nf4 Qxf4 0-1

[Event "*** Titled Tuesday Blitz"]
[Site "Chess.com"]
[Date "2020.04.14"]
[Round "9"]
[White "bmt011"]
[Black "ulkaf961"]
[Result "0-1"]
[WhiteElo "2009"]
[BlackElo "2267"]
[TimeControl "180+1"]
[EndTime "11:42:19 PDT"]
[Termination "ulkaf961 won on time"]

1. d4 e6 2. Bf4 Nf6 3. Nf3 Be7 4. e3 O-O 5. Bd3 b6 6. O-O Bb7 7. Qe2 c5 8. Nbd2 d6 9. a4 Nbd7 10. a5 Re8 11. h3 Bf8 12. Ba6 Bxa6 13. Qxa6 e5 14.
dxe5 dxe5 15. Bh2 e4 16. Ng5 h6 17. Ndxe4 Nxe4 18. Nxe4 Rxe4 19. Rad1 Qe8 20. Qb7 Rd8 21. Bc7 Rc8 22. Bg3 Nf6 23. axb6 axb6 24. Qxb6 Rb4 25.
Qa5 Rxb2 26. Rd3 Rxc2 27. Rfd1 c4 28. Rd8 Rxd8 29. Rxd8 Qe6 30. Qa8 Nd7 31. Re8 Qf6 32.
Qc8 Rd2 0-1

[Event "*** Titled Tuesday Blitz"]
[Site "Chess.com"]
[Date "2020.04.14"]
[Round "9"]
[White "Bagirova"]
[Black "KingCrusher275"]
[Result "1-0"]
[WhiteElo "2212"]
[BlackElo "2336"]
[TimeControl "180+1"]
[EndTime "11:42:19 PDT"]
[Termination "Bagirova won by checkmate"]

1. e4 c5 2. Nf3 e6 3. d4 cxd4 4. Nxd4 Nc6 5. Nxc6 bxc6 6. Bd3 d5 7. exd5 cxd5 8.
O-O Nf6 9. Qe2 Be7 10. Re1 O-O 11. h3 Bb7 12. Nc3 Rc8 13. Nb5 a6 14. Nd4 Qb6 15. c3 Bc5 16. Be3 Qd6 17. Bg5 Ne4 18. Bh4 Qb6 19.
Nb3 Bd6 20. Rad1 Bb8 21. Bxe4 dxe4 22. Qh5 f5 23. Be7 Rf7 24. Bc5 Rxc5 25. Nxc5 Qxc5 26.
Rd8+ Rf8 27. Red1 Qc7 28. R1d7 Rxd8 29. Qf7+ Kh8 30. Qxg7# 1-0